Map: 2000 Atmospheres LE

Players

Maru - Winner!

  • Race: Terran Terran

Dark

  • Race: Zerg Zerg

Event: DreamHack SC2 Masters 2021 Winter

VOD

Have the link to the VOD?

Description

Time

  • Played on: Nov. 13, 2021, 9:59 a.m.
  • Length: 14:57

All games in this series

Show
View Real Time Build Order
Export as new Build Order

Maru Terran - Winner!

Build Orders: Reaper Expand 

Get SALT Encoding   

  12  0:00  SCV  
  13  0:12  SCV  
  14  0:17  Supply Depot  
  14  0:24  SCV  
  15  0:39  SCV  
  15  0:40  Barracks  
  16  0:43  Refinery  
  16  0:51  SCV  
  17  1:03  SCV  
  18  1:15  SCV  
  19  1:26  Reaper  
  19  1:28  Orbital Command  
  20  1:38  Command Center  
  20  1:50  Barracks  
  20  1:53  SCV  
  21  2:00  Barracks Reactor  
  21  2:05  SCV  
  22  2:09  Supply Depot  
  22  2:14  Refinery  
  22  2:17  SCV  
  23  2:31  SCV  
  23  2:32  Factory  
  24  2:37  Marine x2  
  24  2:38  Barracks Tech Lab  
  24  2:43  SCV  
  27  2:50  Orbital Command  
  27  2:55  SCV, Marine x2  
  29  2:59  Marine  
  30  3:07  Stimpack  
  30  3:08  SCV  
  31  3:14  Marine x2  
  31  3:17  Marine  
  34  3:24  Starport  
  34  3:25  Factory Reactor  
  34  3:26  SCV  
  35  3:30  SCV  
  36  3:37  Marine x2  
  36  3:38  Supply Depot, Marine  
  36  3:40  SCV  
  40  3:43  SCV  
  41  3:53  SCV  
  41  3:54  Marine  
  41  3:55  SCV, Marine  
  45  3:56  Marine  
  45  4:01  Supply Depot  
  46  4:06  SCV  
  46  4:07  SCV, Medivac  
  46  4:08  Medivac  
  52  4:15  Supply Depot, Marine  
  52  4:16  Marine  
  54  4:22  Marine  
  54  4:23  SCV x2  
  57  4:35  SCV x2  
  57  4:36  Command Center  
  57  4:38  Marine x2  
  59  4:40  Marine  
  62  4:47  Widow Mine, SCV  
  62  4:51  Supply Depot  
  65  4:55  Refinery x2, Combat Shield  
  65  4:58  Medivac, Marine  
  68  5:00  SCV  
  68  5:02  SCV  
  70  5:10  Factory Tech Lab  
  70  5:13  SCV, Marine x2  
  72  5:17  SCV  
  72  5:21  Engineering Bay  
  72  5:22  Engineering Bay  
  72  5:25  SCV  
  72  5:26  Marine  
  74  5:30  SCV, Siege Tank  
  78  5:36  Supply Depot  
  78  5:47  Marine x2  
  78  5:48  SCV, Orbital Command  
  81  5:50  Terran Infantry Weapons Level 1, Starport Reactor, Terran Infantry Armor Level 1  
  81  5:54  Barracks  
  81  5:56  Marine  
  82  5:57  SCV  
  83  6:04  Siege Tank  
  83  6:05  Marauder  
  83  6:09  SCV  
  83  6:10  Supply Depot  
  89  6:12  Orbital Command  
  89  6:16  SCV  
  90  6:21  SCV  
  90  6:24  Marine x2  
  90  6:25  Supply Depot  
  93  6:26  Supply Depot, Marine  
  93  6:28  SCV  
  93  6:31  Medivac x2  
  99  6:33  SCV  
  99  6:38  Supply Depot, SCV  
  100  6:40  SCV  
  100  6:45  SCV, Siege Tank  
  105  6:49  Marine  
  105  6:50  SCV, Marine x3  
  105  6:51  Marauder  
  105  6:52  SCV  
  113  6:57  SCV  
  113  6:59  Barracks  
  114  7:02  Barracks  
  114  7:04  SCV  
  114  7:05  SCV  
  114  7:06  Armory  
  116  7:09  SCV  
  114  7:17  SCV x2  
  114  7:20  Marine x4  
  114  7:21  SCV  
  121  7:24  Missile Turret, Medivac, Siege Tank  
  121  7:29  SCV  
  127  7:31  Supply Depot  
  127  7:35  SCV  
  128  7:39  SCV  
  128  7:40  Marauder, Concussive Shells, Marine x2  
  128  7:42  Bunker  
  133  7:48  Factory  
  133  7:49  Barracks Tech Lab x2  
  133  7:51  SCV, Marine x2  
  136  7:54  Supply Depot  
  136  7:57  Siege Tank  
  139  7:59  Marine  
  139  8:02  Marauder, Terran Infantry Weapons Level 2  
  139  8:03  Terran Infantry Armor Level 2  
  139  8:05  SCV  
  143  8:06  SCV  
  143  8:07  Refinery x2  
  144  8:16  Supply Depot  
  144  8:19  Marine x2  
  150  8:20  Marauder x2  
  150  8:21  Medivac  
  146  8:27  Marauder  
  146  8:28  SCV  
  146  8:29  Command Center  
  146  8:32  Factory Tech Lab  
  148  8:36  Terran Vehicle Weapons Level 1  
  148  8:40  SCV  
  151  8:41  Marauder  
  151  8:43  Siege Tank  
  151  8:47  Marauder, Marine x3  
  159  8:49  Marauder  
  159  8:53  Supply Depot  
  161  8:59  SCV  
  161  9:01  SCV  
  161  9:03  SCV  
  157  9:11  Marauder x3, Marine x2  
  157  9:12  Factory  
  157  9:13  Supply Depot  
  157  9:15  Medivac x2  
  169  9:18  Supply Depot  
  169  9:21  SCV  
  170  9:26  SCV  
  171  9:32  Siege Tank  
  170  9:39  SCV  
  170  9:41  SCV  
  170  9:42  Marauder, Marine  
  170  9:44  SCV  
  170  9:45  Medivac  
  163  9:51  SCV  
  164  9:53  SCV  
  164  9:55  Marauder x2, Marine x3  
  164  9:57  Factory Tech Lab  
  172  10:00  Marine  
  172  10:02  SCV  
  172  10:03  SCV  
  172  10:04  Marauder  
  172  10:05  SCV, Siege Tank  
  181  10:07  Sensor Tower  
  181  10:13  Marine x3  
  184  10:14  Medivac, SCV  
  184  10:15  Medivac  
  184  10:16  Marauder  
  184  10:17  Marauder  
  184  10:18  Drilling Claws  
  184  10:19  Barracks  
  193  10:23  Barracks  
  193  10:25  Barracks  
  193  10:26  Factory Reactor  
  191  10:39  Siege Tank  
  185  10:48  Marine x2  
  185  10:49  Marauder  
  178  10:50  Medivac x2  
  178  10:52  Planetary Fortress  
  178  10:54  Marauder, Marine  
  178  10:55  Marauder  
  187  11:03  Refinery  
  187  11:04  Refinery  
  187  11:06  Command Center, Marine x3  
  187  11:09  Widow Mine x2  
  187  11:10  Marauder  
  196  11:13  Barracks Reactor, Barracks Tech Lab  
  196  11:16  Marauder x2  
  195  11:29  Widow Mine  
  195  11:30  Widow Mine  
  195  11:32  Marauder  
  198  11:35  Widow Mine  
  198  11:38  Command Center  
  198  11:39  Terran Infantry Weapons Level 3  
  200  11:40  Sensor Tower, Terran Infantry Armor Level 3  
  189  11:51  Widow Mine x2  
  189  11:52  Command Center  
  189  11:54  Marauder x3, Marine x4  
  193  11:59  Ghost Academy  
  200  12:03  Sensor Tower  
  196  12:12  Marauder x2  
  196  12:13  Widow Mine x2  
  196  12:15  Terran Vehicle And Ship Armor Level 1  
  200  12:25  Command Center  
  194  12:30  Ghost x2  
  191  12:38  Ghost  
  191  12:39  Ghost x2  
  191  12:40  Personal Cloaking  
  191  12:41  Marine  
  191  12:44  Widow Mine x3  
  184  12:56  Command Center  
  182  12:59  Marauder  
  182  13:01  Ghost  
  177  13:07  Ghost  
  177  13:11  Ghost x2  
  177  13:12  Widow Mine x2  
  187  13:18  Marine  
  188  13:20  Widow Mine  
  188  13:21  Marauder  
  183  13:32  Marauder  
  182  13:36  Marauder  
  182  13:38  Marine  
  182  13:40  Marauder  
  182  13:41  Marauder  
  176  13:42  Marauder  
  176  13:44  Medivac x2, Marine x2  
  166  13:49  Widow Mine, Orbital Command  
  166  13:54  Marauder  
  166  13:55  Marine  
  166  13:56  Marine x2  
  166  13:57  Marine  
  166  13:58  Marauder  
  166  14:00  Widow Mine, Siege Tank  
  166  14:02  Marauder x2, Marine  
  182  14:03  Marauder  
  182  14:08  Planetary Fortress  
  177  14:14  Medivac x2  
  173  14:17  Marauder, Marine  
  173  14:18  Widow Mine  
  173  14:19  Marauder  
  173  14:21  Widow Mine  
  173  14:23  Marauder  
  179  14:36  Widow Mine  
Show
View Real Time Build Order
Export as new Build Order

Dark Zerg 

Build Orders: Hatch First 

Get SALT Encoding   

  12  0:00  Drone  
  13  0:12  Overlord  
  13  0:17  Drone  
  14  0:31  Drone x2  
  16  0:48  Hatchery  
  15  0:51  Drone  
  15  0:54  Drone  
  17  0:59  Drone  
  18  1:10  Extractor  
  17  1:15  Spawning Pool  
  17  1:17  Drone  
  17  1:22  Drone  
  18  1:29  Drone  
  19  1:40  Drone  
  20  1:51  Drone  
  21  2:02  Zergling x4, Queen x2  
  27  2:12  Zergling x2  
  27  2:14  Overlord  
  28  2:22  Extractor  
  27  2:23  Drone  
  28  2:33  Drone x3  
  31  2:38  Queen x2  
  31  2:41  Extractor  
  35  2:44  Overlord  
  35  2:45  Drone  
  37  3:05  Hatchery  
  37  3:06  Drone x2  
  37  3:07  Drone x2  
  37  3:12  Drone x3  
  43  3:24  Overlord  
  43  3:25  Drone  
  44  3:29  Overlord  
  43  3:34  Drone  
  44  3:42  Overlord  
  44  3:43  Drone  
  44  3:45  Roach Warren  
  44  3:46  Drone x3, Queen  
  44  3:48  Drone  
  50  3:51  Drone  
  50  3:52  Drone  
  50  3:54  Extractor  
  52  3:55  Drone x2  
  52  4:02  Drone x2  
  55  4:07  Lair  
  55  4:11  Extractor x2  
  55  4:13  Drone x2  
  55  4:20  Drone  
  56  4:24  Overlord  
  56  4:27  Roach x5  
  66  4:32  Roach x2  
  66  4:38  Roach x2  
  74  4:43  Roach  
  76  4:46  Roach  
  76  4:51  Spore Crawler  
  76  4:52  Drone x2  
  79  4:56  Overlord  
  79  4:57  Overlord  
  79  4:59  Roach  
  82  5:00  Drone  
  82  5:05  Glial Reconstitution  
  82  5:11  Overlord  
  82  5:14  Drone  
  82  5:15  Drone x6  
  89  5:26  Roach x2  
  89  5:27  Drone x4  
  97  5:30  Drone  
  97  5:33  Evolution Chamber  
  97  5:34  Evolution Chamber  
  96  5:39  Roach x3  
  96  5:41  Drone x2  
  104  5:43  Drone  
  104  5:47  Drone  
  106  5:52  Overlord x2  
  106  5:54  Overseer  
  106  5:59  Zerg Missile Weapons Level 1  
  106  6:00  Zerg Ground Armor Level 1  
  106  6:11  Drone x2  
  106  6:13  Roach x6, Extractor x2  
  106  6:17  Drone  
  119  6:22  Drone  
  119  6:23  Drone  
  119  6:24  Overlord  
  119  6:25  Overlord x4  
  121  6:30  Drone  
  122  6:42  Overlord  
  122  6:44  Ravager  
  123  6:49  Drone x3  
  123  6:50  Roach  
  123  6:51  Roach x5  
  140  6:54  Roach  
  140  6:57  Roach x2  
  140  6:58  Hatchery  
  143  7:03  Roach x2  
  143  7:04  Nydus Network  
  143  7:05  Roach  
  143  7:08  Roach  
  150  7:09  Roach  
  150  7:12  Roach x2  
  150  7:13  Roach  
  152  7:18  Roach x3  
  152  7:21  Roach  
  160  7:24  Roach x2  
  160  7:27  Roach x2  
  160  7:29  Roach  
  170  7:35  Overlord x2  
  170  7:36  Overlord  
  170  7:50  Overlord  
  170  7:51  Overlord  
  170  7:54  Ravager x2, Roach x8  
  170  7:55  Ravager  
  170  7:56  Ravager x2  
  170  7:57  Ravager x2  
  193  7:58  Ravager  
  194  8:10  Ravager  
  194  8:11  Ravager x2, Roach  
  200  8:12  Ravager  
  200  8:14  Nydus Canal  
  200  8:19  Zerg Missile Weapons Level 2  
  196  8:26  Drone x5  
  199  8:29  Nydus Canal  
  199  8:34  Metabolic Boost  
  199  8:45  Zerg Ground Armor Level 2  
  199  8:48  Extractor  
  198  8:49  Spore Crawler  
  198  8:50  Extractor  
  198  8:53  Nydus Canal  
  174  9:03  Roach  
  174  9:04  Roach x9  
  174  9:08  Zergling x14  
  174  9:09  Zergling x16  
  200  9:16  Infestation Pit  
  199  9:17  Ravager  
  199  9:20  Nydus Canal  
  178  9:41  Roach x10  
  178  9:42  Roach x9  
  186  9:45  Roach  
  186  9:46  Roach  
  186  9:49  Zergling x2  
  186  9:50  Zergling x4  
  186  9:51  Ravager x2  
  193  9:54  Ravager  
  194  10:01  Hive  
  194  10:03  Zergling x10  
  199  10:11  Ravager  
  199  10:26  Zergling x6  
  199  10:42  Roach x9  
  192  10:43  Roach  
  192  10:46  Roach x9  
  192  10:48  Roach  
  192  10:49  Roach x3  
  188  10:51  Roach  
  188  10:53  Roach  
  186  10:57  Roach x2  
  186  10:58  Roach  
  186  11:00  Nydus Canal  
  192  11:06  Ravager x7  
  192  11:09  Pathogen Glands  
  193  11:30  Drone x2, Hydralisk Den  
  193  11:31  Drone  
  195  11:33  Infestor x2  
  195  11:35  Zergling x2  
  195  11:38  Zerg Missile Weapons Level 3  
  199  11:41  Hatchery  
  189  11:51  Zerg Ground Armor Level 3  
  189  11:52  Zergling x16  
  188  12:04  Lurker Den  
  185  12:15  Drone  
  185  12:16  Drone x2  
  176  12:38  Infestor  
  176  12:39  Infestor x5  
  176  12:40  Roach  
  177  12:45  Zergling x34  
  177  12:51  Zergling x18  
  195  12:58  Roach x4  
  195  13:04  Roach x3  
  197  13:06  Ravager x2  
  197  13:07  Ravager  
  200  13:16  Zergling x4  
  198  13:23  Unknown  
  198  13:26  Zergling x10  
  198  13:27  Zergling x2  
  175  13:31  Roach x6  
  186  13:37  Roach x2  
  186  13:38  Roach  
  183  13:44  Roach  
  183  13:45  Roach x2  
  177  13:50  Roach x3  
  177  13:54  Ravager  
  177  13:55  Ravager x2  
  183  13:56  Drone x4  
  183  13:57  Drone  
  185  14:15  Hydralisk x5, Zergling x2  
  185  14:16  Hydralisk, Zergling x2  

Tags
 
Add a new tag
Caveats
  • Supply blocks, unpowered buildings, or Contaminate may cause inaccurate times.
  • Supply counts are checked every 10 seconds.